 Dungeon Crawl Stone Soup version 0.27.0-1-g7a089689b8 (webtiles) character file.

Game seed: 5210028159172755168

1277 gimp the Firebug (level 8, -3/62 HPs)
             Began as a Naga Fire Elementalist on Aug 5, 2021.
             Slain by a hornet zombie (7 damage)
             ... on level 6 of the Dungeon.
             The game lasted 00:13:36 (5328 turns).

gimp the Firebug (Naga Fire Elementalist)           Turns: 5328, Time: 00:13:36

Health: -3/62      AC:  6    Str: 11    XL:     8   Next: 54%
Magic:  1/14       EV: 10    Int: 17    God:
Gold:   123        SH:  0    Dex: 14    Spells: 2/15 levels left

rFire    + . .     SeeInvis +   f - +1 dagger
rCold    + . .     Faith    .   (no shield)
rNeg     . . .     Spirit   .   l - +1 robe {rC+ rF+}
rPois    +         Reflect  .   e - +1 helmet "Ixkow" {Rampage Dex+2}
rElec    .         Harm     .   o - scarf {shadows}
rCorr    .         Rampage  +   (no gloves)
Will     +....                  (no barding)
Stlth    ++........             (no amulet)
HPRegen  0.20/turn              (no ring)
MPRegen  0.14/turn              (no ring)

@: very slow
A: AC +2, large, see invisible, deformed body, poison resistance, slowness 2,
spit poison 1, naga tail 1
a: Spit Poison


You were on level 6 of the Dungeon.
You visited 2 branches of the dungeon, and saw 7 of its levels.

You collected 151 gold pieces.
You spent 28 gold pieces at shops.

Inventory:

Hand Weapons
 f - a +1 dagger (weapon)
 p - a +0 spear
Missiles
 h - 21 poisoned darts
Armour
 e - the +1 helmet "Ixkow" (worn) {Rampage Dex+2}
   (You found it on level 4 of the Dungeon)

   Dex:       It affects your dexterity (+2).
   Rampage:   It bestows one free step when moving towards enemies.
 l - a +1 robe of resistance (worn)
 o - a scarf of shadows (worn)
 r - a +0 helmet
Jewellery
 a - a ring of ice
 s - a ring of flight
Scrolls
 b - 2 scrolls of fear
 c - a scroll of blinking
 d - 2 scrolls of enchant weapon
 j - 2 scrolls of teleportation
 q - a scroll of silence
Potions
 g - a potion of flight {unknown}
 i - 3 potions of magic {unknown}
 k - a potion of resistance
 m - a potion of ambrosia
 t - a potion of curing


   Skills:
 - Level 1.5 Dodging
 - Level 3.0 Stealth
 + Level 4.4 Spellcasting
 * Level 6.3 Conjurations
 * Level 7.0 Fire Magic


You had 2 spell levels left.
You knew the following spells:

 Your Spells              Type           Power      Damage    Failure   Level
a - Foxfire               Conj/Fire      100%       2x1d9     1%          1
b - Sticky Flame          Conj/Fire      26%        2d5       10%         4
c - Conjure Flame         Conj/Fire      26%        6-21      2%          3
d - Fireball              Conj/Fire      13%        3d7       26%         5

Your spell library contained the following spells:

 Spells                   Type           Power      Damage    Failure   Level
 Inner Flame              Hex/Fire       15%        N/A       11%         3
 Animate Dead             Necr           1%         N/A       83%         4
 Haunt                    Necr/Summ      1%         N/A       100%        7
 Infestation              Necr           1%         N/A       100%        8


Dungeon Overview and Level Annotations

Branches:
Dungeon (6/15)             Temple (1/1) D:5

Altars:
Ashenzari
Cheibriados
Elyvilon
Gozag
Kikubaaqudgha
Okawaru
Qazlal
Sif Muna
Trog
Uskayaw
Yredelemnul
The Shining One

Shops:
D:1 ?   D:6 [

Annotations:
D:3 Grinder


Innate Abilities, Weirdness & Mutations

Your serpentine skin is tough. (AC +2)
You have supernaturally acute eyesight. (SInv)
Armour fits poorly on your strangely shaped body.
Your system is resistant to poisons. (rPois)
You cover ground very slowly.
You can spit poison.
You have a snake-like lower body.


Message History

You kill the iguana!
The hornet zombie hits you.
Your magical contamination has completely faded away.
You take 5 damage, and have 32/62 hp.
The hornet zombie hits you.
You take 6 damage, and have 26/62 hp.
The hornet zombie hits you!
* * * LOW HITPOINT WARNING * * *
You take 11 damage, and have 15/62 hp.
You feel much better. The hornet zombie hits you!
You regained 19 hp, and now have 34/62 hp.
You have got your breath back.
The hornet zombie closely misses you.
The hornet zombie hits you but does no damage.
The hornet zombie hits you!
You take 9 damage, and have 25/62 hp.
Casting: Sticky Flame (dangerous; 10% risk of failure)
Confirm with . or Enter, or press ? or * to list all spells.
Okay, then.
You are too injured to fight recklessly!
Casting: Sticky Flame (dangerous; 10% risk of failure)
Confirm with . or Enter, or press ? or * to list all spells.
You conjure some foxfire!
The hornet zombie hits you. The hornet zombie hits you!
* * * LOW HITPOINT WARNING * * *
Casting: Foxfire (safe; 1% risk of failure)
Press: ? - help, Q - select action, (/) - cycle Dir - look around, f - activate
Okay, then.
You take 13 damage, and have 12/62 hp.
MASSIVE DAMAGE!!
You now have 2/14 mp.
The foxfire hits the hornet zombie but does no damage.
The hornet zombie is heavily damaged.
The foxfire hits the hornet zombie but does no damage.
The hornet zombie is heavily damaged.
Casting: Foxfire (safe; 1% risk of failure)
Press: ? - help, Q - select action, (/) - cycle Dir - look around, f - activate You conjure some foxfire!
The hornet zombie hits you!
* * * LOW HITPOINT WARNING * * *
The hornet zombie hits you!
You die...

## #.. ... .
#.. .. # #....
## ##.#. # ..
... #. # #v#
#.##
#####@#####
#...
#...Z§v....#
#...
#.##.§#.##.. .
#.## #.##..#.#
...###)##
#.##....# ..
.....#.
#.##.##.# ...
#..#.
#.##.##.##....
#....
#....(.....#
##...
#######.####
####


You could see a hornet zombie (ally target).

Vanquished Creatures
  An ice beast (D:6)
  A black bear (D:5)
  A sky beast (D:5)
  An ogre (D:5)
  A bullfrog (D:6)
  2 kobold brigands
  3 scorpions
  A bullfrog zombie (D:5)
  4 hounds
  A gnoll shaman (D:5)
  An orc priest (D:4)
  Jessica (D:2)
  2 iguanas
  2 orc wizards (D:4)
  A hound zombie (D:5)
  A hound skeleton (D:4)
  3 gnolls (D:5)
  5 adders
  2 worms
  A dart slug (D:2)
  14 orcs
  3 ball pythons
  4 bats
  4 endoplasms
  3 giant cockroaches
  6 goblins
  10 hobgoblins
  5 jackals (D:1)
  5 quokkas
  A frilled lizard (D:2)
  10 kobolds
  6 rats
106 creatures vanquished.

Vanquished Creatures (others)
  303 foxfires
303 creatures vanquished.

Grand Total: 409 creatures vanquished

Notes
Turn   | Place    | Note
-------+----------+-------------------------------------------
     0 | D:1      | gimp the Naga Fire Elementalist began the quest for the
                  | Orb.
     0 | D:1      | Reached XP level 1. HP: 15/15 MP: 3/3
   269 | D:1      | Found Qoj Gapp's Magic Scroll Emporium.
   333 | D:1      | Reached XP level 2. HP: 22/22 MP: 1/5
   855 | D:1      | Reached XP level 3. HP: 28/28 MP: 4/6
   942 | D:1      | Found a faded altar of an unknown god.
  1352 | D:1      | Bought a scroll of identify for 28 gold pieces
  1535 | D:2      | Noticed Jessica
  1539 | D:2      | Killed Jessica
  1540 | D:2      | Reached XP level 4. HP: 36/36 MP: 5/7
  1698 | D:2      | Reached skill level 4 in Fire Magic
  1837 | D:2      | Learned a level 4 spell: Sticky Flame
  2504 | D:3      | Noticed Grinder
  2640 | D:4      | Reached XP level 5. HP: 42/42 MP: 5/9
  2687 | D:4      | Found a glowing golden altar of the Shining One.
  2885 | D:4      | Reached XP level 6. HP: 7/49 MP: 1/10
  3139 | D:4      | Found an iron altar of Okawaru.
  3302 | D:4      | Identified the +1 helmet "Ixkow" {Rampage Dex+2}
  3480 | D:5      | Entered Level 5 of the Dungeon
  3680 | D:4      | Reached skill level 5 in Fire Magic
  3943 | D:5      | Found a staircase to the Ecumenical Temple.
  3966 | Temple   | Entered the Ecumenical Temple
  4137 | D:5      | Reached XP level 7. HP: 55/55 MP: 12/12
  4420 | D:5      | Found a hide-covered altar of Uskayaw.
  4636 | D:5      | Reached skill level 5 in Conjurations
  4702 | D:5      | Reached skill level 6 in Fire Magic
  4752 | D:5      | Reached XP level 8. HP: 62/62 MP: 7/14
  5053 | D:6      | Found Bunkane's Armour Boutique.
  5176 | D:6      | Learned a level 3 spell: Conjure Flame
  5182 | D:6      | Learned a level 5 spell: Fireball
  5215 | D:6      | Reached skill level 7 in Fire Magic
  5328 | D:6      | Slain by a hornet zombie

Illustrated notes

Levels and vault maps discovered:
D:1:      ncdulo_halloftheorcs, layout_loops_corners,
          hellmonk_ecumenical_altar_zigzags, serial_shops,
          nicolae_shop_behind_doors, minmay_misc_feat_nine_boxes
D:2:      layout_rooms, kennysheep_generic_room_8, uniq_jessica
D:3:      layout_basic, uniq_grinder
D:4:      layout_rooms, tso_oasis_becter, okawaru_trees_1, dk_rats_in_the_wall
D:5:      layout_rooms, lemuel_crystal_altar,
          minmay_temple_entry_statues_fountains, kennysheep_generic_room_16
D:6:      layout_loops_cross, general_overflow_altar, serial_shops, shop,
          lightli_corner_chamber
Temple:   kb_temple_of_zot

Skill      XL: |  1  2  3  4  5  6  7  8 |
---------------+-------------------------+-----
Conjurations   | 2 3 4 5 6 |  6.3
Fire Magic     | 4 5 6 7 |  7.0
Spellcasting   | 3 4 |  4.4
Dodging        | |  1.5
Stealth        | |  3.0

Action                   |  1- 3 |  4- 6 |  7- 9 || total
-------------------------+-------+-------+-------++-------
Melee: Short sword       |     7 |       |       ||     7
       Dagger            |     3 |    25 |    19 ||    47
 Cast: Foxfire           |    30 |    74 |    70 ||   174
       Sticky Flame      |       |       |     1 ||     1
 Abil: Spit Poison       |    21 |    36 |    14 ||    71
  Use: Potion            |       |     3 |     1 ||     4
       Scroll            |       |     9 |     2 ||    11
 Stab: Sleeping          |     2 |     2 |     1 ||     5
       Invisible         |       |     1 |       ||     1
Armor: Robe              |     2 |    24 |    21 ||    47
Dodge: Dodged            |     8 |    38 |    37 ||    83
